Map: [ESL] Altitude

Players

GuMiho - Winner!

  • Race: Terran Terran
  • Spawn Location: 1:00

Solar

  • Race: Zerg Zerg
  • Spawn Location: 7:00

Event: ESL SC2 Masters 2023 Summer (Finals)

VOD

Have the link to the VOD?

Description

Time

  • Played on: June 18, 2023, 11:04 a.m.
  • Length: 4:09

All games in this series

Show
View Real Time Build Order
Export as new Build Order

GuMiho Terran - Winner!

Build Orders:  

Get SALT Encoding   

  12  0:00  SCV  
  13  0:12  SCV  
  14  0:18  Supply Depot  
  14  0:24  SCV  
  15  0:39  SCV  
  15  0:40  Barracks  
  16  0:54  Barracks  
  16  1:05  Barracks  
  16  1:09  SCV  
  17  1:21  SCV  
  18  1:26  Marine  
  19  1:33  Orbital Command  
  19  1:37  Supply Depot  
  19  1:41  Marine  
  19  1:45  Marine  
  21  1:52  Marine  
  22  1:58  Bunker  
  22  2:00  Marine  
  23  2:05  SCV  
  24  2:08  Bunker  
  24  2:10  Marine  
  24  2:14  Marine  
  26  2:18  Marine  
  26  2:19  SCV  
  28  2:28  Marine  
  28  2:31  SCV  
  28  2:32  Marine  
  28  2:35  Marine  
  30  2:45  Marine  
  30  2:49  SCV  
  30  2:50  Marine  
  31  2:51  Supply Depot  
  31  3:04  Command Center  
  31  3:13  Supply Depot, SCV  
  31  3:16  Marine  
  31  3:17  Marine  
  34  3:25  SCV  
  35  3:27  Refinery  
  35  3:32  Refinery  
  35  3:36  Marine  
  35  3:37  Marine, SCV  
  38  3:49  SCV  
Show
View Real Time Build Order
Export as new Build Order

Solar Zerg 

Build Orders: Hatch First 

Get SALT Encoding   

  12  0:00  Drone  
  13  0:12  Overlord  
  13  0:17  Drone  
  14  0:31  Drone x2  
  16  0:48  Hatchery  
  15  0:52  Drone  
  15  0:55  Drone  
  17  0:59  Drone  
  18  1:09  Extractor  
  17  1:15  Spawning Pool  
  17  1:17  Drone  
  17  1:21  Drone  
  18  1:29  Drone  
  19  1:40  Drone  
  20  1:50  Drone  
  21  2:01  Zergling x4  
  21  2:02  Queen  
  27  2:10  Spine Crawler  
  27  2:14  Zergling x4  
  26  2:25  Zergling x4  
  27  2:42  Zergling x2  
  22  2:49  Drone  
  18  2:57  Drone  
  19  3:00  Drone  
  20  3:06  Zergling x2  
  21  3:21  Overlord  
  21  3:26  Overlord  
  21  3:40  Drone  
  24  3:44  Zergling x2  
  24  3:46  Zergling x2  
  26  3:51  Zergling x2  
Tags
 
Add a new tag
Caveats
  • Supply blocks, unpowered buildings, or Contaminate may cause inaccurate times.
  • Supply counts are checked every 10 seconds.